Map: Site Delta LE

Players

Azzo

  • Race: Protoss Protoss
  • League: Master
  • Spawn Location: 11:00

Nyck - Winner!

  • Race: Terran Terran
  • League: Silver
  • Spawn Location: 5:00

VOD

Have the link to the VOD?

Description

Time

  • Played on: Oct. 9, 2024, 4:19 p.m.
  • Length: 15:37
Show
View Real Time Build Order
Export as new Build Order

Azzo Protoss 

Build Orders: 1 Gate Expand 

Get SALT Encoding   

  12  0:00  Probe  
  13  0:12  Probe  
  14  0:20  Pylon  
  14  0:24  Probe  
  15  0:38  Probe (Chrono Boost)  
  16  0:45  Gateway  
  16  0:47  Probe (Chrono Boost)  
  16  0:49  Assimilator  
  17  1:02  Probe  
  18  1:14  Probe  
  18  1:26  Probe  
  19  1:38  Nexus  
  19  1:39  Probe  
  20  1:42  Cybernetics Core  
  20  1:51  Probe  
  21  2:03  Probe  
  22  2:11  Pylon  
  22  2:14  Assimilator  
  22  2:15  Warp Gate (Chrono Boost)  
  22  2:28  Probe  
  22  2:29  Adept  
  25  2:41  Probe  
  26  2:48  Gateway  
  26  2:55  Probe x2  
  28  2:59  Stalker  
  28  3:01  Pylon  
  30  3:07  Probe x2  
  30  3:08  Shield Battery, Pylon  
  32  3:15  Robotics Facility  
  32  3:21  Probe  
  32  3:24  Probe  
  34  3:33  Probe  
  35  3:38  Twilight Council  
  35  3:42  Probe  
  35  3:43  Gateway  
  35  3:45  Probe  
  37  3:54  Assimilator, Probe  
  38  3:58  Stalker  
  38  4:00  Stalker  
  38  4:02  Probe  
  43  4:06  Observer, Probe  
  45  4:11  Charge (Chrono Boost)  
  45  4:20  Forge  
  45  4:21  Stalker  
  45  4:24  Stalker  
  49  4:25  Probe  
  49  4:27  Probe  
  51  4:38  Probe  
  52  4:48  Probe  
  52  4:49  Zealot x3  
  52  4:50  Assimilator, Probe  
  60  4:57  Protoss Ground Weapons Level 1 (Chrono Boost)  
  60  5:01  Probe  
  60  5:02  Probe  
  62  5:11  Pylon  
  62  5:18  Pylon  
  62  5:29  Immortal  
  66  5:40  Robotics Bay  
  66  5:44  Robotics Facility  
  66  5:46  Gateway  
  66  5:47  Gateway  
  66  5:52  Gateway  
  66  5:53  Sentry  
  66  5:55  Sentry  
  70  6:11  Zealot  
  70  6:15  Blink  
  72  6:21  Adept  
  72  6:22  Adept  
  76  6:32  Shield Battery  
  76  6:35  Photon Cannon  
  76  6:36  Photon Cannon  
  76  6:40  Stalker  
  78  7:14  Pylon  
  78  7:17  Pylon  
  78  7:19  Pylon  
  78  7:22  Colossus (Chrono Boost)  
  78  7:23  Observer  
  78  7:31  Colossus (Chrono Boost)  
  78  7:33  Pylon x2  
  89  7:50  Extended Thermal Lance (Chrono Boost)  
  89  7:51  Protoss Ground Weapons Level 2 (Chrono Boost)  
  89  7:58  Dark Shrine  
  89  8:05  Observer  
  89  8:10  Zealot x3  
  89  8:12  Zealot x2  
  72  8:37  Zealot x3  
  72  8:38  Zealot, Stalker x2  
  56  9:02  Stalker x4  
  58  9:11  Colossus (Chrono Boost)  
  58  9:13  Colossus (Chrono Boost)  
  70  9:25  Dark Templar  
  72  9:32  Dark Templar  
  74  9:42  Zealot x2  
  78  10:01  Nexus  
  78  10:03  Pylon, Dark Templar  
  78  10:06  Pylon  
  78  10:18  Colossus  
  78  10:19  Immortal  
  88  10:22  Zealot x2  
  88  10:23  Stalker x3  
  96  10:37  Sentry  
  98  10:51  Dark Templar  
  100  11:05  Probe x2  
  100  11:07  Protoss Ground Weapons Level 3 (Chrono Boost)  
  102  11:16  Assimilator, Dark Templar, Photon Cannon x2  
  102  11:17  Shield Battery, Probe x2, Photon Cannon  
  106  11:27  Archon  
  106  11:48  Zealot x3  
  106  11:49  Zealot  
  106  11:50  Stalker x2  
  106  11:53  Probe x3  
  119  12:05  Probe  
  120  12:18  Zealot  
  120  12:19  Stalker x2  
  120  12:20  Stalker  
  128  12:24  Nexus  
  128  12:25  Pylon  
  128  12:27  Pylon  
  128  12:28  Forge  
  128  12:30  Stargate  
  128  12:33  Photon Cannon  
  128  12:36  Photon Cannon  
  128  12:44  Photon Cannon  
  128  12:46  Assimilator, Probe x3, Photon Cannon  
  131  12:58  Probe  
  126  13:00  Photon Cannon  
  126  13:05  Pylon  
  124  13:10  Stalker x3  
  124  13:11  Stalker x3  
  136  13:13  Pylon  
  136  13:31  Photon Cannon  
  136  13:34  Photon Cannon  
  136  13:36  Photon Cannon  
  136  13:42  Probe x4  
  140  13:51  Assimilator  
  140  13:54  Probe  
  141  13:56  Assimilator  
  141  14:06  Dark Templar x6  
  153  14:15  Gateway  
  153  14:17  Gateway  
  153  14:18  Probe x4  
  153  14:19  Gateway  
  153  14:21  Gateway  
  157  14:30  Probe  
  158  14:36  Nexus, Archon x2  
  158  14:37  Archon  
  158  14:39  Pylon  
  158  15:14  Zealot x4  
  129  15:15  Zealot x2  
  97  15:25  Stalker x3  
  97  15:26  Stalker  
Show
View Real Time Build Order
Export as new Build Order

Nyck Terran - Winner!

Build Orders: Command Center First 

Get SALT Encoding   

  12  0:04  SCV  
  13  0:17  SCV  
  14  0:27  Supply Depot  
  14  0:29  SCV  
  15  1:05  Command Center  
  15  1:09  Barracks  
  15  1:21  SCV  
  16  1:35  Barracks  
  16  1:37  Barracks  
  16  1:44  SCV  
  17  1:54  Supply Depot  
  17  2:03  Orbital Command  
  17  2:10  Marine  
  18  2:19  Orbital Command  
  18  2:30  Supply Depot  
  18  2:31  SCV  
  18  2:33  Marine  
  18  2:36  Marine  
  21  2:40  Orbital Command, Marine  
  22  2:49  SCV  
  23  2:52  Refinery  
  23  2:57  Marine  
  24  3:01  SCV, Marine  
  26  3:07  Marine  
  26  3:12  SCV  
  28  3:13  SCV  
  28  3:17  Marine  
  30  3:24  SCV, Marine  
  30  3:25  SCV, Marine  
  34  3:35  Marine  
  34  3:36  SCV  
  34  3:37  SCV  
  37  3:41  Marine  
  37  3:42  Refinery  
  37  3:47  Barracks Tech Lab  
  38  3:49  SCV  
  38  3:53  SCV, Marine  
  41  3:58  Barracks  
  41  4:00  Supply Depot  
  41  4:01  SCV  
  42  4:05  SCV  
  42  4:07  Marine  
  42  4:09  Combat Shield  
  44  4:11  Marauder  
  44  4:13  SCV  
  44  4:14  Marine  
  48  4:17  SCV  
  49  4:25  SCV  
  49  4:29  Supply Depot, SCV  
  51  4:33  Barracks Reactor  
  51  4:34  Barracks Reactor  
  51  4:36  Marauder  
  53  4:42  Engineering Bay  
  54  4:45  SCV x2  
  54  4:48  Barracks Reactor  
  54  4:49  Engineering Bay  
  55  4:55  Supply Depot  
  55  4:57  SCV x2, Marine  
  58  5:08  Missile Turret  
  58  5:09  SCV  
  58  5:10  SCV, Terran Infantry Weapons Level 1  
  58  5:12  Marine x2  
  58  5:13  Marine x2  
  64  5:19  Supply Depot  
  64  5:20  Marine, Terran Infantry Armor Level 1  
  65  5:25  SCV x2, Refinery  
  65  5:26  Refinery  
  65  5:27  Marine x2  
  69  5:30  Marine  
  70  5:39  Stimpack  
  70  5:44  Supply Depot  
  70  5:52  SCV x2  
  70  5:53  Marine x2, Command Center  
  70  5:54  Marine x4  
  70  5:55  Marine  
  79  6:07  SCV x2  
  81  6:19  SCV x2, Marine x4  
  81  6:20  Marine x3  
  90  6:31  SCV x2  
  92  6:37  Factory  
  92  6:44  SCV x2  
  94  7:05  Supply Depot, SCV x2  
  96  7:19  Concussive Shells, Command Center  
  96  7:25  Armory  
  96  7:26  Marine  
  96  7:27  Marine x5  
  96  7:28  Supply Depot, Marine  
  103  7:47  SCV x2  
  103  7:49  Orbital Command  
  105  7:51  Supply Depot  
  105  7:59  SCV x2  
  105  8:05  Starport  
  107  8:06  Marine x5  
  107  8:07  Marine  
  107  8:08  Marauder  
  107  8:11  SCV x2  
  117  8:14  Supply Depot  
  117  8:20  SCV  
  117  8:23  SCV x2  
  117  8:24  Marine x5  
  117  8:25  Marine  
  126  8:29  Marauder  
  126  8:32  SCV  
  111  8:35  SCV  
  95  8:41  Marine  
  95  8:42  Marine x2  
  97  8:51  Marauder  
  87  9:19  Marine x6  
  87  9:20  Marauder  
  87  9:22  Terran Infantry Weapons Level 2  
  87  9:23  Terran Infantry Armor Level 2  
  95  9:27  Starport Reactor, Starport  
  95  9:33  Barracks  
  95  9:43  SCV x2  
  95  9:44  SCV, Marine  
  95  9:45  Marine x3  
  101  9:46  Marine x2  
  104  9:53  Terran Vehicle And Ship Armor Level 1  
  104  9:55  Marauder  
  96  10:16  Missile Turret  
  90  10:27  SCV x2  
  90  10:28  SCV x2  
  93  10:32  Marine x4  
  93  10:33  Marine x2  
  93  10:35  Marauder, Medivac  
  101  10:36  Medivac  
  101  10:37  Starport Tech Lab  
  101  10:39  SCV, Starport Reactor  
  101  10:40  SCV x3  
  105  10:52  Missile Turret  
  105  10:54  Orbital Command  
  105  10:57  Refinery  
  105  11:01  Marine  
  105  11:02  Marine x6  
  112  11:14  Barracks Reactor  
  112  11:20  Barracks  
  112  11:22  SCV x4  
  112  11:24  Marine x6  
  124  11:25  Marauder  
  124  11:29  Medivac  
  124  11:30  Medivac x3  
  123  11:58  Missile Turret  
  123  12:00  SCV x3  
  123  12:01  SCV  
  126  12:03  Marine x5  
  126  12:04  Marine x3  
  126  12:05  Terran Infantry Weapons Level 3  
  126  12:06  Terran Infantry Armor Level 3  
  126  12:07  Terran Vehicle And Ship Armor Level 2  
  134  12:08  Medivac x2  
  134  12:09  Medivac x2  
  134  12:10  Marine  
  134  12:12  SCV  
  134  12:15  Supply Depot  
  143  12:21  Marine x6  
  143  12:22  Marine  
  150  12:23  Marine  
  150  12:28  Marine  
  152  12:38  Supply Depot, Medivac x2  
  152  12:39  Marine x6, Medivac  
  152  12:43  Refinery  
  164  12:50  Refinery  
  164  12:52  Marine x3, Medivac  
  164  12:56  Marine x2, Command Center  
  164  12:57  Marine x4  
  153  13:01  Supply Depot  
  149  13:08  Medivac x2  
  149  13:09  Marine x3, Medivac  
  155  13:14  Marine x3  
  155  13:17  Marine x2  
  160  13:22  Viking  
  160  13:25  Supply Depot  
  162  13:28  SCV x4  
  166  13:36  Marine  
  166  13:37  Marine x7  
  166  13:38  Viking x2  
  166  13:39  Viking  
  182  13:41  Marauder  
  183  13:48  SCV x3  
  183  13:52  Viking  
  183  13:54  Marine  
  184  14:08  Viking x2  
  184  14:09  Viking  
  190  14:10  Marine x3  
  190  14:11  Marine x4  
  190  14:13  Marauder  
  199  14:25  SCV  
  199  14:28  Orbital Command  
Tags
 
Add a new tag
Caveats
  • Supply blocks, unpowered buildings, or Contaminate may cause inaccurate times.
  • Supply counts are checked every 10 seconds.